 Dungeon Crawl Stone Soup version 0.31-a0-816-gd61d57ddb1 (webtiles) character file.

Game seed: 7981210668227824703

7 Maratek the Stinger (level 1, -2/10 HPs)
             Began as a Deep Elf Venom Mage on Sept 22, 2023.
             Slain by a frilled lizard (3 damage)
             ... on level 1 of the Dungeon.
             The game lasted 00:00:23 (381 turns).

Maratek the Stinger (Deep Elf Venom Mage)            Turns: 381, Time: 00:00:24

Health: -2/10      AC:  2    Str:  5    XL:     1   Next: 91%
Magic:  3/6        EV:  9    Int: 19    God:
Gold:   4          SH:  0    Dex: 15    Spells: 5/6 levels left

rFire   . . .        (no weapon)
rCold   . . .        (no shield)
rNeg    . . .        a - +0 robe
rPois   .            (no helmet)
rElec   .            (no cloak)
rCorr   .            (no gloves)
SInv    .            (no boots)
Will    .....        (no amulet)
Stlth   ++           (no ring)
HPRegen 0.21/turn    (no ring)
MPRegen 0.10/turn

%: no passive effects
@: constricted
A: no striking features
a: no special abilities


You were on level 1 of the Dungeon.
You visited 1 branch of the dungeon, and saw 1 of its levels.

You collected 4 gold pieces.

Inventory:

Armour
 a - a +0 robe (worn)
Potions
 b - a potion of magic
 c - a potion of haste {unknown}


   Skills:
 + Level 2.5 Dodging
 + Level 2.4 Stealth
 + Level 3.2 Spellcasting
 + Level 1.3 Transmutations
 + Level 3.5 Poison Magic


You had 5 spell levels left.
You knew the following spells:

 Your Spells              Type           Power      Damage    Failure   Level
a - Sting                 Tmut/Pois      48%        1d5       5%          1

Your spell library contained the following spells:

 Spells                   Type           Power      Damage    Failure   Level
 Poisonous Vapours        Pois/Air       18%        N/A       11%         2
 Mephitic Cloud           Conj/Pois/Air  7%         N/A       28%         3
 Olgreb's Toxic Radiance  Pois           16%        N/A       34%         4
 Simulacrum               Ice/Necr       1%         N/A       100%        6
 Ozocubu's Refrigeration  Ice            1%         4d7       100%        7
 Polar Vortex             Ice            1%         N/A       100%        9


Dungeon Overview and Level Annotations

Branches:
Dungeon (1/15)

Altars:


Message History

The sting hits the giant cockroach.
The giant cockroach looks even sicker.
The giant cockroach is severely wounded.
You kill the giant cockroach!
You can't see any susceptible monsters within range! (Use Z to cast anyway.)
Your magical contamination has completely faded away.
An endoplasm comes into view.
An endoplasm is nearby!
An endoplasm is nearby!
A ball python and a frilled lizard come into view.
The ball python hisses angrily.
The frilled lizard hisses angrily.
The endoplasm quivers.
The sting hits the endoplasm.
The endoplasm partially resists.
The endoplasm is poisoned.
The endoplasm is moderately wounded.
The sting hits the endoplasm.
The endoplasm looks even sicker.
The endoplasm is moderately wounded.
The ball python barely misses you. x2
The endoplasm freezes you.
You are frozen.
Ouch! That really hurt!
You are too injured to fight recklessly!
You are too injured to fight recklessly!
You are too injured to fight recklessly!
You are too injured to fight recklessly!
Aiming: Sting (safe; 5% risk of failure)
Press: ? - help, Q - select action Shift-Dir - straight line, f/p - endoplasm
Aim: an endoplasm (moderately wounded, very poisoned, 98% to hit)
The sting hits the endoplasm but does no damage.
The endoplasm looks even sicker.
The endoplasm is moderately wounded.
The ball python bites you.
* * * LOW HITPOINT WARNING * * *
The ball python grabs you. The ball python constricts you.
* * * LOW HITPOINT WARNING * * *
The endoplasm freezes you.
You are frozen.
* * * LOW HITPOINT WARNING * * *
The frilled lizard bites you.
You die...

.... .. #... ....
#...#######.....
##...............
.................
................
......Jl........ .#
.......@S...##+#+#.#
###.........##.#.#.#
#.........##.#.#.#
#.........##.#.#.#
#.......†.+....#.#####
#.........##.#........
######............####
#######......#...
#......##.#


You could see an endoplasm (very poisoned), a ball python and a frilled lizard.

Vanquished Creatures
  2 endoplasms (D:1)
  A giant cockroach (D:1)
  A kobold (D:1)
  2 goblins (D:1)
6 creatures vanquished.

Notes
Turn   | Place    | Note
-------+----------+-------------------------------------------
     0 | D:1      | Maratek the Deep Elf Venom Mage began the quest for the
                  | Orb.
     0 | D:1      | Reached XP level 1. HP: 10/10 MP: 6/6
   381 | D:1      | Slain by a frilled lizard

Illustrated notes

Levels and vault maps discovered:
D:1:      lemuel_arrival_broad_hall, layout_basic, serial_shops, shop,
          shapermc_ecumenical_altar_flowoftime

Action                     || total
---------------------------++-------
   Cast: Sting             ||    20
 Armour: Robe              ||     5
  Dodge: Dodged            ||     5

Table legend: (Time is in decaauts)
 A = Elapsed time spent in this place.
 B = Non-inter-level travel time spent in this place.
 C = Inter-level travel time spent in this place.
 D = Time resting spent in this place.
 E = Time spent auto-exploring this place.
 F = Levels seen in this place.
 G = Mean time per level.
                   A        B        C        D        E       F      G
               +--------+--------+--------+--------+--------+-----+--------+
         Total |    381 |    381 |      0 |      0 |    334 |   1 |  381.0 |
       Dungeon |    381 |    381 |      0 |      0 |    334 |   1 |  381.0 |
               +--------+--------+--------+--------+--------+-----+--------+

Top non-repeatable levels by time:
     D:1: 381 daAuts
